 Dungeon Crawl Stone Soup version 0.20.1-1-g8b1a95d (webtiles) character file.

3334 wilfster70 the Cleaver (level 9, -7/80 HPs)
             Began as a Minotaur Berserker on July 17, 2017.
             Was an Elder of Trog.
             Mangled by a death yak (20 damage)
             ... on level 8 of the Dungeon.
             The game lasted 00:33:39 (5960 turns).

wilfster70 the Cleaver (Minotaur Berserker)         Turns: 5960, Time: 00:33:40

Health: -7/80      AC:  9    Str: 23    XL:     9   Next: 71%
Magic:  8/8        EV: 11    Int:  4    God:    Trog [****..]
Gold:   283        SH: 13    Dex: 12    Spells: 8/8 levels left

rFire    . . .     SeeInvis +   b - +1 spear (freeze)
rCold    . . .     Gourm    .   x - +3 shield
rNeg     . . .     Faith    .   h - +0 scale mail
rPois    .         Spirit   .   (helmet restricted)
rElec    .         Reflect  .   (no cloak)
rCorr    .         Harm     .   (no gloves)
MR       .....                  f - +0 pair of boots
Stlth    +.........             (no amulet)
Regen    0.3/turn               r - ring of see invisible
MPRegen  0.2/turn               F - ring of stealth

@: lethally poisoned (-7 -> -7), berserk cooldown, slowed, very slow
A: retaliatory headbutt, horns 2
a: Berserk, Trog's Hand, Brothers in Arms, Burn Spellbooks, Renounce Religion


You were on level 8 of the Dungeon.
You worshipped Trog.
Trog was greatly pleased with you.
You were hungry.

You visited 1 branch of the dungeon, and saw 8 of its levels.

You collected 283 gold pieces.

Inventory:

Hand Weapons
 a - a +1 hand axe
 b - a +1 spear of freezing (weapon)
Armour
 f - a +0 pair of boots (worn)
 h - a +0 scale mail (worn)
 o - a +0 buckler
 x - a +3 shield (worn)
Jewellery
 r - a ring of see invisible (left hand)
 F - a ring of stealth (right hand)
Wands
 y - a wand of polymorph (21/24)
Scrolls
 d - 2 scrolls of teleportation
 j - a scroll of enchant weapon
 q - 4 scrolls of remove curse
 s - 3 scrolls of identify
 w - a scroll of fog
Potions
 e - 4 potions of might {unknown}
 g - a potion of degeneration {unknown}
 i - 4 potions of lignification {unknown}
 k - 2 potions of magic {unknown}
 n - a potion of curing {unknown}
 p - 2 potions of mutation {unknown}
 u - a potion of agility {unknown}
 z - 2 potions of resistance {unknown}
 A - a potion of berserk rage {unknown}
 C - a potion of ambrosia {unknown}
 E - 2 potions of heal wounds {unknown}
Comestibles
 c - 5 bread rations
 l - 3 meat rations
 m - 2 fruits
 t - 5 chunks of flesh
 v - 2 royal jellies


   Skills:
 + Level 7.6 Fighting
 * Level 10.3 Axes
 + Level 7.1 Armour
 + Level 6.6 Dodging
 + Level 6.1 Shields


You had 8 spell levels left.
You didn't know any spells.

Dungeon Overview and Level Annotations

Branches:
Dungeon (8/15)             Temple (0/1) D:6            Lair (0/6) D:8

Altars:
Kikubaaqudgha
Okawaru


Innate Abilities, Weirdness & Mutations

You reflexively headbutt those who attack you in melee.
You have a pair of horns on your head.


Message History

* * * LOW HITPOINT WARNING * * *
You hit the death yak but do no damage. You headbutt the death yak.
The death yak is severely wounded.
The death yak misses you.
You puncture the death yak! You freeze the death yak.
The death yak is almost dead.
You are no longer berserk.
You are exhausted.
You feel yourself slow down. You block the porcupine's attack.
The death yak gores you but does no damage.
You hit the death yak but do no damage.
You headbutt the death yak, but do no damage.
The death yak is almost dead.
You feel sick.
The quokka twitches its whiskers.
You block the porcupine's attack. You block the death yak's attack.
The death yak gores you.
* * * LOW HITPOINT WARNING * * *
The death yak gores you!!
You die...

#.>......
. ...?...
...#......
........?
....rrrr
.#
.y.rr###.#
#y#Y#.#.#
#yY@....#
#.r.....#
#.#....##
#.#...## .
##..# #.
#..# .
#..# ##
#..# #..#


You could see 2 death yaks, 3 porcupines, 3 killer bees, a river rat, 2 quokkas
and a rat.

Vanquished Creatures
  A two-headed ogre (D:8)
  A death yak (D:8)
  The ghost of leoctania the Covert, a novice SpAs of the Shining One (D:5)
  Grinder (D:6)
  The ghost of polve the Charmwright, an amateur MfSk (D:3)
  An ice beast (D:5)
  A phantom (D:4)
  5 ogres
  A centaur (D:7)
  4 bullfrogs
  A bullfrog zombie (D:6)
  3 hounds
  A jelly (D:7)
  2 orc priests
  A centaur skeleton (D:7)
  3 iguanas
  5 orc wizards
  A worker ant zombie (D:7)
  6 adders
  A shadow imp (D:7)
  An ooze (D:1)
  An adder skeleton (D:6)
  2 worms
  3 leopard geckos
  7 orcs
  6 bats
  5 giant cockroaches
  5 goblins
  6 hobgoblins
  11 jackals
  4 kobolds
  5 quokkas
  13 frilled lizards
  2 leopard gecko skeletons (D:4)
  13 rats
  2 rat zombies (D:5)
127 creatures vanquished.

Notes
Turn   | Place    | Note
-------+----------+-------------------------------------------
     0 | D:1      | wilfster70 the Minotaur Berserker began the quest for the Orb.
     0 | D:1      | Reached XP level 1. HP: 19/19 MP: 0/0
   355 | D:1      | Reached skill level 4 in Axes
   355 | D:1      | Reached XP level 2. HP: 20/27 MP: 1/1
   886 | D:1      | Reached XP level 3. HP: 33/33 MP: 2/2
  1226 | D:2      | Reached ** piety under Trog
  1364 | D:2      | Reached XP level 4. HP: 39/40 MP: 3/3
  1754 | D:3      | Noticed polve's ghost (amateur MfSk)
  1755 | D:3      | Reached skill level 5 in Axes
  1756 | D:3      | Reached skill level 1 in Shields
  1756 | D:3      | Reached XP level 5. HP: 46/46 MP: 4/4
  1772 | D:3      | Killed polve's ghost
  1772 | D:3      | Reached XP level 6. HP: 49/53 MP: 5/5
  2385 | D:4      | Reached skill level 6 in Axes
  3024 | D:5      | Entered Level 5 of the Dungeon
  3110 | D:5      | Reached *** piety under Trog
  3213 | D:5      | Noticed an ice beast
  3224 | D:5      | Killed an ice beast
  3224 | D:5      | Reached skill level 5 in Fighting
  3224 | D:5      | Reached XP level 7. HP: 51/61 MP: 6/6
  3287 | D:5      | Found an ancient bone altar of Kikubaaqudgha.
  3314 | D:5      | Noticed leoctania's ghost (novice SpAs)
  3328 | D:5      | Killed leoctania's ghost
  3328 | D:5      | Reached skill level 7 in Axes
  4150 | D:6      | Reached skill level 5 in Armour
  4150 | D:6      | Reached XP level 8. HP: 66/70 MP: 7/7
  4321 | D:6      | Found a staircase to the Ecumenical Temple.
  4367 | D:6      | Noticed Grinder
  4379 | D:6      | Paralysed by Grinder for 2 turns
  4391 | D:6      | Killed Grinder
  4391 | D:6      | Reached skill level 8 in Axes
  4391 | D:6      | Reached skill level 5 in Dodging
  5351 | D:7      | Reached skill level 9 in Axes
  5360 | D:7      | Reached skill level 5 in Shields
  5635 | D:7      | Found an iron altar of Okawaru.
  5708 | D:7      | Reached XP level 9. HP: 51/78 MP: 8/8
  5929 | D:8      | Noticed a death yak
  5929 | D:8      | Noticed a death yak
  5930 | D:8      | Noticed a two-headed ogre
  5931 | D:8      | Found a staircase to the Lair.
  5934 | D:8      | Noticed a death yak
  5938 | D:8      | Killed a death yak
  5945 | D:8      | Killed a two-headed ogre
  5945 | D:8      | Reached skill level 10 in Axes
  5946 | D:8      | Reached **** piety under Trog
  5960 | D:8      | Mangled by a death yak

Skill      XL: |  1  2  3  4  5  6  7  8  9 |
---------------+----------------------------+-----
Axes           | 4 5 6 7 9 10 | 10.3
Fighting       | 4 5 6 7 |  7.6
Armour         | 3 4 5 6 7 |  7.1
Dodging        | 3 4 5 6 |  6.6
Shields        | 1 2 3 5 6 |  6.1

Action                   |  1- 3 |  4- 6 |  7- 9 || total
-------------------------+-------+-------+-------++-------
Melee: Hand axe          |    53 |    93 |   185 ||   331
       Headbutt          |    12 |    16 |    70 ||    98
       Spear             |       |       |    40 ||    40
Invok: Berserk           |       |     2 |     3 ||     5
       Burn Spellbooks   |       |     1 |       ||     1
  Use: Scroll            |       |       |    12 ||    12
 Stab: Sleeping          |     1 |       |       ||     1
  Eat: Chunk             |     1 |     8 |    11 ||    20
Armor: Animal skin       |     1 |       |       ||     1
       Scale mail        |    23 |    51 |    48 ||   122
Dodge: Dodged            |    43 |    50 |    51 ||   144
Block: Shield            |       |       |   100 ||   100
